 Dungeon Crawl Stone Soup version 0.17-a0-1842-gacc33f2 (webtiles) character file.

216 mcbry74 the Shield-Bearer (level 5, 0/47 HPs)
             Began as a Hill Orc Fighter on Sept 17, 2015.
             Was a Follower of Beogh.
             Succumbed to an adder's poison
             ... on level 3 of the Dungeon.
             The game lasted 00:22:41 (2801 turns).

mcbry74 the Shield-Bearer (Hill Orc Fighter)        Turns: 2801, Time: 00:22:41

Health: 0/47       AC: 11    Str: 20    XL:     5   Next: 93%
Magic:  5/5        EV: 10    Int:  8    God:    Beogh [*.....]
Gold:   103        SH: 10    Dex: 15    Spells: 0 memorised, 4 levels left

rFire  . . .     SeeInvis .     a - +0 war axe
rCold  . . .     Clarity  .     p - +0 chain mail
rNeg   . . .     SustAt   .     c - +0 shield
rPois  .         Gourm    .     (no helmet)
rElec  .         Spirit   .     g - +0 cloak
rCorr  .         Warding  .     (no gloves)
rMut   .         Stasis   .     (no boots)
MR     .....                    (no amulet)
Stlth  ..........               (no ring)
                                (no ring)

@: agile, lethally poisoned (0 -> -7), flying, not resistant to hostile
enchantments, extremely unstealthy
A: no striking features
a: Renounce Religion


You were on level 3 of the Dungeon.
You worshipped Beogh.
Beogh was aware of your devotion.
You were not hungry.

You visited 1 branch of the dungeon, and saw 4 of its levels.

You collected 103 gold pieces.

Inventory:

Hand weapons
 a - a +0 war axe (weapon)
 l - a +0 dagger
 m - a +0 dagger
 o - a +0 dagger (quivered)
 u - a +0 dagger
Armour
 b - a +0 cloak
 c - a +0 shield (worn)
 g - a +0 cloak (worn)
 p - a +0 chain mail (worn)
Scrolls
 j - 3 scrolls of remove curse
 n - 3 scrolls of identify
 x - 2 scrolls of teleportation
Potions
 d - a potion of might
 k - 2 potions of resistance
Books
 y - a book of Dreams

   Spells                             Type                      Level
   a - Ensorcelled Hibernation        Hexes/Ice                    2
   b - Phase Shift                    Translocation                5
   c - Shadow Creatures               Summoning                    5
   d - Silence                        Hexes/Air                    5
   e - Darkness                       Hexes                        6
   f - Mass Confusion                 Hexes                        6
Comestibles
 e - 3 bread rations
 f - a beef jerky
 i - a royal jelly


   Skills:
 + Level 4.5 Fighting
 + Level 3.5 Axes
 * Level 2.6 Throwing
 + Level 4.1 Armour
 + Level 4.7 Shields


You had 4 spell levels left.
You didn't know any spells.

Dungeon Overview and Level Annotations

Branches:
Dungeon (4/15)
 Temple: D:4-7

Altars:
Ru

Annotations:
D:4 Blork the orc


Message History

You are more poisoned.
The adder poisons you! The adder barely misses you.
Drink which item? (? for menu, Esc to quit)
It was a potion of agility.
You feel agile all of a sudden.
* * * LOW HITPOINT WARNING * * *
You feel sick. The adder bites you.
* * * LOW HITPOINT WARNING * * *
You hit the adder.
You kill the adder!
Beogh accepts your kill.
* * * LOW HITPOINT WARNING * * *
You feel sick.
Drink which item? (? for menu, Esc to quit)
It was a potion of flight.
You feel very buoyant.
You fly up into the air.
Beogh protects you from harm!
There is a lethal amount of poison in your body!
You die...

♣#♣#..###.......##..#..........#.
PP##...##.......#..##........#.#.
.PP#...##....(........#).........
..P#(...........########.........
...).((###......# #..........
.÷P#(.## #......# #..........
.PP#..# #......# ##..........
PPP#..####......######...........
♣P♣#......÷.(..†@#...............
####....o...........##...........
.........######.....##...........
...........# #..................
..###......## #....###.......##.#
.## #.......####...# #.......##..
## #........# #...# #.......####
#....#...# #...# #..........#
######...# #...# #....[..##..


There were no monsters in sight!

Vanquished Creatures
  Crazy Yiuf (D:4)
  An iguana (D:4)
  A giant frog skeleton (D:4)
  4 adders
  An ooze (D:3)
  An adder zombie (D:3)
  2 adder skeletons (D:4)
  4 worms
  5 giant geckos
  An orc (D:3)
  5 giant cockroaches
  5 goblins
  5 hobgoblins
  7 jackals
  11 kobolds
  3 bats
  2 giant newts
  A quokka (D:2)
  9 rats
69 creatures vanquished.

Vanquished Creatures (others)
  2 bats (D:3)
  A rat (D:3)
  3 plants (D:3)
6 creatures vanquished.

Grand Total: 75 creatures vanquished

Notes
Turn   | Place    | Note
--------------------------------------------------------------
     0 | D:1      | mcbry74 the Hill Orc Fighter began the quest for the Orb.
     0 | D:1      | Reached XP level 1. HP: 19/19 MP: 1/1
   192 | D:1      | Reached XP level 2. HP: 17/27 MP: 2/2
   880 | D:2      | Reached XP level 3. HP: 12/33 MP: 3/3
  1336 | D:2      | Reached skill level 1 in Throwing
  1423 | D:3      | Reached skill level 4 in Fighting
  1519 | D:3      | Became a worshipper of Beogh the Brigand
  1552 | D:3      | Reached XP level 4. HP: 23/40 MP: 4/4
  2017 | D:3      | Acquired Beogh's first power
  2187 | D:4      | Noticed an ogre
  2190 | D:4      | Noticed Blork the orc
  2359 | D:4      | Reached XP level 5. HP: 36/46 MP: 5/5
  2371 | D:4      | Noticed Crazy Yiuf
  2582 | D:4      | Killed Crazy Yiuf
  2589 | D:4      | Found a sacrificial altar of Ru.
  2798 | D:3      | HP: 2/47 [adder (2)]
  2800 | D:3      | Beogh protects you from harm!
  2801 | D:3      | Succumbed to an adder's poison

Vault maps used:
D:1:      dpeg_arrival_rooms_b
D:2:      first_bread
D:3:      lexackson_kobold_supper
D:4:      serial_shops, shop, nicolae_ru_sacrificial_ziggurat,
          uniq_blork_the_orc, uniq_crazy_yiuf_cottage

Action                   |  1- 3 |  4- 6 || total
-------------------------+-------+-------++-------
Melee: War axe           |   140 |   130 ||   270
Invok: Convert to Beogh  |     1 |       ||     1
  Use: Scroll            |       |     9 ||     9
       Potion            |       |     2 ||     2
  Eat: Chunk             |     2 |     3 ||     5
       Pizza             |       |     1 ||     1
